 Dungeon Crawl Stone Soup version 0.25.0-1-g7eea58d (webtiles) character file.

Game seed: 16450847652233446009

79 taqueso the Cutter (level 4, 0/24 HPs)
             Began as a Kobold Necromancer on June 27, 2020.
             Hit by a boomerang thrown by a goblin (3 damage)
             ... on level 2 of the Dungeon.
             The game lasted 00:06:41 (2648 turns).

taqueso the Cutter (Kobold Necromancer)             Turns: 2648, Time: 00:06:42

Health: 0/24       AC:  2    Str:  6    XL:     4   Next: 64%
Magic:  6/7        EV: 15    Int: 16    God:
Gold:   76         SH:  5    Dex: 15    Spells: 5/7 levels left

rFire    . . .     SeeInvis .   a - +2 dagger (speed)
rCold    . . .     Gourm    .   (shield restricted)
rNeg     . . .     Faith    .   e - +0 robe
rPois    .         Spirit   .   (no helmet)
rElec    .         Reflect  +   (no cloak)
rCorr    .         Harm     .   (no gloves)
MR       .....                  (no boots)
Stlth    ++........             g - amulet of reflection
HPRegen  0.08/turn              (no ring)
MPRegen  0.10/turn              (no ring)

@: no status effects
A: small, carnivore
a: no special abilities


You were on level 2 of the Dungeon.
You were completely stuffed.

You visited 1 branch of the dungeon, and saw 3 of its levels.

You collected 76 gold pieces.

Inventory:

Hand Weapons
 a - a +2 dagger of speed (weapon)
 m - a +0 dagger
 p - a +0 spear
Missiles
 d - 3 stones (quivered)
 l - 44 arrows
 n - 5 bolts
Armour
 e - a +0 robe (worn)
 o - a +0 buckler
Jewellery
 g - an amulet of reflection (around neck)
Wands
 w - a wand of flame (19)
Scrolls
 f - a scroll of fear {unknown}
 h - 5 scrolls of identify {unknown}
 q - a scroll of enchant armour {unknown}
 u - 2 scrolls of magic mapping {unknown}
 v - a scroll of noise {unknown}
Potions
 i - a potion of berserk rage {unknown}
 k - a potion of heal wounds {unknown}
 s - 2 potions of cancellation {unknown}
Comestibles
 c - 6 rations


   Skills:
 + Level 4.7 Short Blades
 - Level 2.4 Dodging
 - Level 2.6 Stealth
 - Level 2.1 Spellcasting
 - Level 4.2 Necromancy


You had 5 spell levels left.
You knew the following spells:

 Your Spells              Type           Power        Failure   Level  Hunger
a - Pain                  Necr           ###.         3%          1    #......
b - Animate Skeleton      Necr           N/A          3%          1    #......

Your spell library contained the following spells:

 Spells                   Type           Power        Failure   Level  Hunger
 Vampiric Draining        Necr           ###.......   11%         3    ###....
 Animate Dead             Necr           N/A          34%         4    #####..
 Agony                    Necr           ###.....     67%         5    ######.


Dungeon Overview and Level Annotations

Branches:
Dungeon (3/15)

Altars:


Innate Abilities, Weirdness & Mutations

You are small and have problems with some larger weapons.
You are carnivorous and can eat meat at any time.


Message History

Confirm with . or Enter, or press ? or * to list all spells.
Okay, then.
Unknown command.
You block the bat's attack. You block the bat's attack. The adder bites you.
The adder closely misses you.
There is a stone staircase leading up here.
The adder bites you but does no damage.
You climb upwards.
There is a stone staircase leading down here.
Casting: Pain (safe; 3% risk of failure)
Confirm with . or Enter, or press ? or * to list all spells.
Aiming: Pain (safe; 3% risk of failure)
Press: ? - help, Shift-Dir - straight line, f - adder
Aim: an adder (chance to defeat MR: 80%)
The adder writhes in agony.
The adder bites you.
* * * LOW HITPOINT WARNING * * *
The goblin throws a boomerang.
The boomerang hits you.
You die...

##..#.#..........#########.###.#.
....#.##.###.....###.......# #.#.
###.#.#..#.......#...####### #.#.
# #.#.#..#.###...#.###########.#.
#
#.#.#..........#.......รท.....#'
# #.#.#..#.###g..########........
###.#.#..#.#..<.........+........
....#.#..#.#.#...########........
#####.#..#.#.#..@.......'........
#.#..#.#.###S########........
#.#......# #.# #........
#####.#.##.### #.# #........
......#....# #.# #########
......###### #.###### ......#
#......# .....## #......# ######
#......##########


You could see an adder and a goblin.

Vanquished Creatures
  2 adders (D:2)
  An ooze (D:2)
  A worm (D:2)
  A dart slug (D:1)
  A leopard gecko (D:2)
  6 giant cockroaches
  5 goblins (D:1)
  4 hobgoblins (D:2)
  3 jackals (D:2)
  8 bats
  4 frilled lizards
  3 kobolds
  11 rats
50 creatures vanquished.

Notes
Turn   | Place    | Note
-------+----------+-------------------------------------------
     0 | D:1      | taqueso the Kobold Necromancer began the quest for the Orb.
     0 | D:1      | Reached XP level 1. HP: 10/10 MP: 3/3
   431 | D:1      | Reached XP level 2. HP: 15/15 MP: 3/5
   505 | D:1      | Reached skill level 1 in Short Blades
   944 | D:1      | Reached XP level 3. HP: 16/19 MP: 2/6
   947 | D:1      | Learned a level 1 spell: Animate Skeleton
  2053 | D:2      | Reached XP level 4. HP: 22/24 MP: 7/7
  2648 | D:2      | Hit by a boomerang thrown by a goblin

Illustrated notes

Levels and vault maps discovered:
D:1:      psy_arrival_fountain, layout_basic, hangedman_decor_points
D:2:      layout_basic
D:3:      layout_rooms, overflow_temple_1_default,
          nicolae_overflow_hidden_temple, chequers_ecumenical_altar_island,
          small_statue_alley_b

Skill      XL: |  1  2  3  4 |
---------------+-------------+-----
Short Blades   | 2 3 4 |  4.7
Dodging        | |  2.4
Stealth        | |  2.6
Spellcasting   | |  2.1
Necromancy     | |  4.2

Action                   |  1- 3 |  4- 6 || total
-------------------------+-------+-------++-------
Melee: Unarmed           |     8 |       ||     8
       Dagger            |    78 |    24 ||   102
Throw: Stone             |    82 |     9 ||    91
 Cast: Pain              |    56 |     9 ||    65
 Stab: Sleeping          |       |     1 ||     1
  Eat: Chunk             |    13 |     2 ||    15
Armor: Robe              |    11 |     4 ||    15
Dodge: Dodged            |    57 |    10 ||    67
Block: Other             |    16 |     4 ||    20
